 Dungeon Crawl Stone Soup version 0.29-a0-653-gd47aff6735 (webtiles) character file.

Game seed: 6230596420170802768

23 lmSkywalker the Chopper (level 2, 0/26 HPs)
             Began as a Hill Orc Monk on June 21, 2022.
             Succumbed to an adder's poison
             ... on level 2 of the Dungeon.
             The game lasted 00:05:27 (923 turns).

lmSkywalker the Chopper (Hill Orc Monk)              Turns: 923, Time: 00:05:27

Health: 0/26       AC:  2    Str: 12 (13) XL:     2   Next: 95%
Magic:  2/2        EV: 12    Int:  9 (10) God:
Gold:   25         SH:  0    Dex: 12 (13) Spells: 1/1 levels left

rFire   . . .      SeeInvis .   a - +2 whip (elec)
rCold   . . .      Faith    .   (no shield)
rNeg    . . .      Spirit   .   i - +0 robe
rPois   .          Reflect  .   (no helmet)
rElec   .          Harm     .   (no cloak)
rCorr   .          Rampage  .   (no gloves)
Will    .....                   (no boots)
Stlth   ++........              (no amulet)
HPRegen 0.08/turn               (no ring)
MPRegen 0.08/turn               (no ring)

@: lethally poisoned (0 -> -1)
A: no striking features
a: no special abilities


You were on level 2 of the Dungeon.
You visited 1 branch of the dungeon, and saw 2 of its levels.

You collected 25 gold pieces.

Inventory:

Hand Weapons
 a - a +2 whip of electrocution (weapon)
 b - a +0 hunting sling
 m - a +0 hand axe
Missiles
 e - 5 poisoned darts (quivered)
 g - 5 stones
Armour
 i - a +0 robe (worn)
Scrolls
 d - 2 scrolls of noise {unknown}
 f - a scroll of identify {unknown}
 k - a scroll of fog {unknown}
Potions
 c - a potion of ambrosia
 h - a potion of magic {unknown}
 j - a potion of curing {unknown}
 l - a potion of degeneration
 n - a potion of resistance {unknown}


   Skills:
 - Level 3.6 Fighting
 + Level 5.4 Axes
 - Level 2.4 Dodging
 - Level 1.5 Stealth


You had one spell level left.
You didn't know any spells.
Your spell library contained the following spells:

 Spells                   Type           Power      Damage    Failure   Level
 Sublimation of Blood     Necr           0%         N/A       52%         2
 Wereblood                Tmut           0%         N/A       52%         2
 Summon Hydra             Summ           0%         N/A       100%        7


Dungeon Overview and Level Annotations

Branches:
Dungeon (2/15)

Altars:


Message History

The sling bullet closely misses the adder.
You shoot a sling bullet.
The sling bullet barely misses the adder.
The sling bullet barely misses the kobold.
The adder misses you. The adder closely misses you.
You shoot a sling bullet.
The sling bullet barely misses the adder.
The sling bullet barely misses the kobold.
The adder misses you. The adder bites you.
You are poisoned.
The adder poisons you!
There's nothing to open nearby.
You hear the crackle of electricity.
a - a +2 whip of electrocution (weapon)
You feel sick.
You hit the adder.
The adder is heavily wounded.
You feel sick. The adder barely misses you. The adder closely misses you.
You closely miss the adder.
The adder is moderately wounded.
You feel sick. The adder closely misses you.
The kobold hits you with a +0 short sword.
You completely miss the adder.
The adder is moderately wounded.
You feel sick. The adder barely misses you.
The kobold hits you with a +0 short sword.
You completely miss the adder.
The adder is moderately wounded.
You feel sick. The adder closely misses you.
The kobold hits you with a +0 short sword.
* * * LOW HITPOINT WARNING * * *
You closely miss the adder.
The adder is moderately wounded.
You feel sick. The adder barely misses you. The kobold barely misses you.
The adder bites you.
* * * LOW HITPOINT WARNING * * *
It was a potion of degeneration.
There was something very wrong with that liquid.
You feel weakened.
You feel dopey.
You feel clumsy.
You die...

.............
...)............###
..................
................#
................#
...............>##
.................#
...............#.###
......=S@†.........#
.......K####).....<#
#...#.... ##......#
.#.......# ##...###
.(....... #.#...
#....###... #..###
#.##. ... ##.. .. ..
.... .. ...


You could see an adder and a kobold.

Vanquished Creatures
  A worm (D:1)
  A dart slug (D:2)
  An endoplasm (D:1)
  2 goblins (D:1)
  A quokka (D:1)
  2 ball pythons (D:1)
  5 bats (D:1)
  A frilled lizard (D:2)
  3 kobolds (D:1)
  A rat (D:1)
18 creatures vanquished.

Notes
Turn   | Place    | Note
-------+----------+-------------------------------------------
     0 | D:1      | lmSkywalker the Hill Orc Monk began the quest for the Orb.
     0 | D:1      | Reached XP level 1. HP: 19/19 MP: 1/1
   481 | D:1      | Reached XP level 2. HP: 26/26 MP: 2/2
   570 | D:1      | Reached skill level 5 in Axes
   721 | D:1      | Noticed a golden eye
   724 | D:1      | Found a faded altar of an unknown god.
   725 | D:1      | Noticed an eye of devastation
   725 | D:1      | Noticed a golden eye
   725 | D:1      | Noticed a great orb of eyes
   922 | D:2      | HP: 1/26 [adder (2)]
   923 | D:2      | Succumbed to an adder's poison

Illustrated notes

Levels and vault maps discovered:
D:1:      dpeg_arrival_ternary, layout_basic,
          hellmonk_ecumenical_altar_watching_god, nicolae_wormholes
D:2:      layout_rooms, basic_altar, serial_shops, shop

Skill      XL: |  1  2 |
---------------+-------+-----
Axes           | 5 |  5.4
Fighting       | |  3.6
Dodging        | |  2.4
Stealth        | |  1.5

Action                   || total
-------------------------++-------
Melee: Hand axe          ||    19
       Whip              ||     5
 Fire: Hunting sling     ||    48
Throw: Dart              ||     1
  Use: Potion            ||     1
 Stab: Sleeping          ||     1
Armor: Robe              ||     7
Dodge: Dodged            ||    36

Table legend: (Time is in decaauts)
 A = Elapsed time spent in this place.
 B = Non-inter-level travel time spent in this place.
 C = Inter-level travel time spent in this place.
 D = Time resting spent in this place.
 E = Time spent auto-exploring this place.
 F = Levels seen in this place.
 G = Mean time per level.
                   A        B        C        D        E       F      G
               +--------+--------+--------+--------+--------+-----+--------+
         Total |    943 |    927 |     16 |      0 |    646 |   2 |  471.5 |
       Dungeon |    943 |    927 |     16 |      0 |    646 |   2 |  471.5 |
               +--------+--------+--------+--------+--------+-----+--------+

Top non-repeatable levels by time:
     D:1: 907 daAuts
     D:2: 36 daAuts
